 Dungeon Crawl Stone Soup version 0.26-a0-642-g67e99244d3 (webtiles) character file.

Game seed: 9905018467122495076

47 PentaManta the Chopper (level 3, 0/29 HPs)
             Began as a Formicid Abyssal Knight on Sept 21, 2020.
             Was a Believer of Lugonu.
             Succumbed to an adder's poison
             ... on level 2 of the Dungeon.
             The game lasted 00:02:29 (1771 turns).

PentaManta the Chopper (Formicid Abyssal Knight)    Turns: 1771, Time: 00:02:30

Health: 0/29       AC:  3    Str: 17    XL:     3   Next: 97%
Magic:  3/4        EV:  8    Int: 11    God:    Lugonu [**....]
Gold:   121        SH:  7    Dex: 10    Spells: 2/2 levels left

rFire    . . .     SeeInvis +   d - +0 dagger
rCold    . . .     Faith    .   g - +0 kite shield
rNeg     . . .     Spirit   .   b - +0 leather armour
rPois    .         Reflect  .   (helmet unavailable)
rElec    .         Harm     .   (no cloak)
rCorr    .         Rampage  .   (no gloves)
MR       .....                  (no boots)
Stlth    +.........             (no amulet)
HPRegen  0.09/turn              (no ring)
MPRegen  0.09/turn              (no ring)

@: lethally poisoned (0 -> -8)
A: permanent stasis, dig shafts and tunnels, four strong arms, antennae 3
a: Dig, Shaft Self, Depart the Abyss, Bend Space, Renounce Religion


You were on level 2 of the Dungeon.
You worshipped Lugonu.
Lugonu was pleased with you.
You visited 1 branch of the dungeon, and saw 2 of its levels.
You visited the Abyss 1 time.

You collected 121 gold pieces.

Inventory:

Hand Weapons
 a - a +1 hand axe
 d - a +0 dagger (weapon)
Armour
 b - a +0 leather armour (worn)
 g - a +0 kite shield (worn)
Scrolls
 c - a scroll of teleportation {unknown}
 f - a scroll of identify {unknown}
Potions
 e - a potion of stabbing {unknown}
 h - a potion of lignification {unknown}


   Skills:
 - Level 3.2 Fighting
 + Level 3.9 Axes
 - Level 2.1 Armour
 - Level 0.8 Dodging
 * Level 0.0 Shields
 - Level 2.1 Invocations


You had 2 spell levels left.
You didn't know any spells.
Your spell library was empty.

Dungeon Overview and Level Annotations

Branches:
Dungeon (2/15)

Altars:


Innate Abilities, Weirdness & Mutations

You cannot be hasted, slowed, berserked, paralysed or teleported.
You can dig through walls and to a lower floor.
Your four strong arms can wield two-handed weapons with a shield.
You have a pair of large antennae on your head. (SInv)


Message History

The adder is almost dead.
The adder bites you.
* * * LOW HITPOINT WARNING * * *
The adder bites you.
* * * LOW HITPOINT WARNING * * *
You hit the adder but do no damage.
The adder is almost dead.
* * * LOW HITPOINT WARNING * * *
You feel sick. The adder bites you.
* * * LOW HITPOINT WARNING * * *
You miss the adder.
The adder is almost dead.
* * * LOW HITPOINT WARNING * * *
You feel sick. The adder bites you.
* * * LOW HITPOINT WARNING * * *
Okay, then.
Okay, then.
Okay, then.
Space bends around you!
You blink.
You die...

#..# #..##
..(. #..#
#S.###
#ยง...# #
##.##.#
#.##...#.#
#..@....<#
####.....#
##.#..#
#.#..#
#......
####..##
#..# #...


There were no monsters in sight!

Vanquished Creatures
  A dart slug (D:1)
  A leopard gecko (D:1)
  3 giant cockroaches (D:1)
  9 hobgoblins (D:1)
  3 jackals (D:1)
  7 bats (D:1)
  A frilled lizard (D:1)
  5 goblins (D:1)
  5 kobolds (D:1)
  7 rats
42 creatures vanquished.

Notes
Turn   | Place    | Note
-------+----------+-------------------------------------------
     0 | Abyss:1  | PentaManta the Formicid Abyssal Knight began the quest for
                  | the Orb.
     0 | Abyss:1  | Reached XP level 1. HP: 18/18 MP: 2/2
     5 | Abyss:1  | Found a corrupted altar of Lugonu.
    82 | Abyss:1  | Noticed a small abomination
    82 | Abyss:1  | Noticed a small abomination
    82 | Abyss:1  | Noticed an apocalypse crab
    84 | Abyss:1  | Noticed a small abomination
    85 | Abyss:1  | Noticed a smoke demon
    86 | D:1      | Escaped the Abyss
   460 | D:1      | Reached XP level 2. HP: 22/24 MP: 3/3
   521 | D:1      | Reached * piety under Lugonu
   884 | D:1      | Reached XP level 3. HP: 14/29 MP: 4/4
  1654 | D:1      | Reached ** piety under Lugonu
  1771 | D:2      | Succumbed to an adder's poison

Illustrated notes

Levels and vault maps discovered:
D:1:      eino_arrival_druids_welcome, layout_loops_corners, minmay_3d_cube
D:2:      layout_loops_ring, nicolae_overflow_crystal_walls,
          nicolae_overflow_hidden_temple, minmay_octomino_c4

Skill      XL: |  1  2 |
---------------+-------+-----
Axes           | 3 |  3.9
Fighting       | |  3.2
Armour         | |  2.1
Dodging        | |  0.8
Invocations    | |  2.1

Action                   || total
-------------------------++-------
Melee: Hand axe          ||   110
       Dagger            ||    16
Invok: Depart the Abyss  ||     1
       Bend Space        ||     1
Armor: Leather armour    ||    42
Dodge: Dodged            ||    75
Block: Kite shield       ||     3

Table legend: (Time is in decaauts)
 A = Elapsed time spent in this place.
 B = Non-inter-level travel time spent in this place.
 C = Inter-level travel time spent in this place.
 D = Time resting spent in this place.
 E = Time spent auto-exploring this place.
 F = Levels seen in this place.
 G = Mean time per level.
                   A        B        C        D        E       F      G
               +--------+--------+--------+--------+--------+-----+--------+
         Total |   1788 |   1766 |     22 |    411 |   1020 |   3 |  596.0 |
       Dungeon |   1702 |   1680 |     22 |    411 |    976 |   2 |  851.0 |
         Abyss |     86 |     86 |      0 |      0 |     44 |   1 |   86.0 |
               +--------+--------+--------+--------+--------+-----+--------+

Top non-repeatable levels by time:
     D:1: 1675 daAuts
 Abyss:1: 86 daAuts
     D:2: 26 daAuts
